NASHVILLE Predators vs ARIZONA Coyotes

Created - 11 mars 2024 at 20:37

Goals
1 2 3 T
NASHVILLE Predators 0 0 1 1
ARIZONA Coyotes 1 0 2 3
Shots
1 2 3 T
NASHVILLE Predators 5 1 8 14
ARIZONA Coyotes 8 17 10 35

1st period

1. ARIZONA Coyotes , Pierre-Edouard Bellemare 8 (Jonas Siegenthaler 24, Alec Martinez 15) at 19:24

Penalties :
Auston Matthews (ARI) for Cross-checking (Minor) at 8:41

2nd period

No Goal

Penalties :
Esa Lindell (NSH) for Slashing (Minor) at 0:46, Juuse Saros (NSH) for Slashing (Minor) at 5:06 - Dylan Larkin served the penalty., Auston Matthews (ARI) for High sticking (Minor) at 9:28, Travis Hamonic (NSH) for Roughing (Minor) at 12:02, Luke Schenn (NSH) for Tripping (Minor) at 15:47

3rd period

2. ARIZONA Coyotes , Sam Reinhart 24 (Rickard Rakell 24, Scott Mayfield 16) at 4:38 (PP)
3. ARIZONA Coyotes , Vladislav Gavrikov 6 (Auston Matthews 39, Artemi Panarin 32) at 9:34
4. NASHVILLE Predators , Reilly Smith 13 (Esa Lindell 28, Jean-Gabriel Pageau 17) at 16:39

Penalties :
Brent Burns (NSH) for High sticking (Minor) at 0:07, Luke Schenn (NSH) for Unsportsmanlike conduct (Major / Game Misconduct) at 3:17, Dmitry Kulikov (NSH) for Delaying the game (Minor) at 5:15, Ryan Nugent-Hopkins (ARI) for Interference (Minor) at 18:19, Jaccob Slavin (NSH) for Delaying the game (Minor) at 18:19

Goalie Stats

Juuse Saros (NSH), 32 saves from 35 shots - (0,914), L, 32-9-5, 60:00 minutes
Andrei Vasilevskiy (ARI), 13 saves from 14 shots - (0,929), W, 33-8-3, 60:00 minutes

Players Stats for NASHVILLE Predators

Player Name              G  A  P  +/- PIM S  H  SB GA TA FO     MP     PP MP  PK MP  
------------------------------------------------------------------------------------
Aleksander Barkov        0  0  0  -2  0   1  0  0  0  0  11/21  17:16   1:55   1:13 
Alex DeBrincat           0  0  0  -2  0   0  2  0  0  0  1/1    16:39   1:55   0:36 
Brent Burns              0  0  0   0  2   1  4  1  0  0  0/0    21:56   2:24   1:46 
Dmitry Kulikov           0  0  0   0  2   0  4  0  0  0  0/0    17:02   0:00   4:05 
Dylan Gambrell           0  0  0   0  0   0  0  0  0  0  4/6     8:37   0:00   0:00 
Dylan Larkin             0  0  0   0  0   2  2  0  0  0  7/14   13:27   2:03   0:00 
Esa Lindell              0  1  1   0  2   1  5  4  0  0  0/0    23:34   1:34   6:46 
Jaccob Slavin            0  0  0  -1  2   0  2  2  0  0  0/0    24:03   2:24   7:28 
Jean-Gabriel Pageau      0  1  1   1  0   3  0  0  0  0  21/28  16:39   0:00   9:40 
Jimmy Vesey              0  0  0   1  0   0  0  0  0  0  0/0    11:00   0:00   4:01 
Johnny Gaudreau          0  0  0   0  0   2  0  0  0  0  0/0    13:19   1:55   0:00 
Jonatan Berggren         0  0  0   0  0   0  0  0  0  0  0/0     8:37   0:00   0:00 
Luke Schenn              0  0  0  -1  17  0  2  1  0  0  0/0    13:05   0:00   4:18 
Nicholas Robertson       0  0  0   0  0   0  0  0  0  0  0/0     8:37   0:00   0:00 
Pavel Zacha              0  0  0   0  0   0  1  0  0  0  2/6    17:16   2:03   4:01 
Reilly Smith             1  0  1   1  0   2  0  0  0  0  0/0     9:02   2:03   0:00 
Tanner Jeannot           0  0  0  -2  0   1  2  1  0  0  0/1    20:58   0:00   8:18 
Travis Hamonic           0  0  0   0  2   1  3  0  0  0  0/0    20:13   1:34   5:24 

Players Stats for ARIZONA Coyotes

Player Name              G  A  P  +/- PIM S  H  SB GA TA FO     MP     PP MP  PK MP  
------------------------------------------------------------------------------------
Alec Martinez            0  1  1   0  0   1  2  0  0  0  0/0    17:37   0:00   2:24 
Artemi Panarin           0  1  1   1  0   2  3  0  0  0  0/2    23:58   8:41   0:00 
Auston Matthews          0  1  1   1  4   2  6  0  0  0  16/37  23:56   8:41   0:00 
Brandon Sutter           0  0  0   1  0   1  0  0  0  0  2/8    10:04   0:00   2:16 
Frederick Gaudreau       0  0  0   0  0   1  0  0  0  0  5/6     8:23   0:00   1:36 
Jonas Siegenthaler       0  1  1   0  0   0  1  1  0  0  0/0    16:47   0:00   1:34 
Mark Scheifele           0  0  0  -1  0   2  2  0  0  0  5/16   19:57   8:41   0:00 
Michael Bunting          0  0  0   0  0   0  1  0  0  0  0/0    14:23   7:02   0:00 
Mikey Anderson           0  0  0   0  0   2  0  0  0  0  0/0     9:26   0:00   0:00 
Nick Bonino              0  0  0   1  0   1  0  0  0  0  0/0     7:48   0:00   0:00 
Pierre-Edouard Bellemare 1  0  1   1  0   1  1  0  0  0  0/0     7:54   0:00   0:06 
Rickard Rakell           0  1  1  -1  0   2  1  0  0  0  1/1    18:10   6:13   1:15 
Roman Josi               0  0  0   1  0   5  1  0  0  0  0/0    24:21   7:52   0:00 
Ryan Hartman             0  0  0   0  0   2  0  0  0  0  0/1    13:00   6:13   0:00 
Ryan Nugent-Hopkins      0  0  0  -1  2   5  2  0  0  0  0/0    21:16   7:52   2:43 
Sam Reinhart             1  0  1   1  0   3  1  0  0  0  2/6    20:24   6:13   0:00 
Scott Mayfield           0  1  1   0  0   2  0  2  0  0  0/0    19:36   7:02   1:34 
Vladislav Gavrikov       1  0  1   1  0   3  2  1  0  0  0/0    17:19   0:00   2:24 

3 Stars

1 - Vladislav Gavrikov (ARI)
2 - Sam Reinhart (ARI)
3 - Pierre-Edouard Bellemare (ARI)

Power Play

NASHVILLE Predators - 0 on 2 Attempt(s) - 0,00%
ARIZONA Coyotes - 1 on 8 Attempt(s) - 12,50%

Penalty Kill

NASHVILLE Predators - 7 on 8 Attempt(s) - 87,50% - Score 0 goal in Penalty Kill
ARIZONA Coyotes - 2 on 2 Attempt(s) - 100,00% - Score 0 goal in Penalty Kill

Team Stat

NASHVILLE Predators - Hits : 27 - Faceoff Wins : 46 - Blocked Shots : 9 - Penalty Minutes : 29
ARIZONA Coyotes - Hits : 23 - Faceoff Wins : 31 - Blocked Shots : 4 - Penalty Minutes : 6

Official

Referees : Mitch Dunning and Daria Ermak
Linesman : Erica Holmes and Kendall Hanley

Game Notes

Luke Schenn (NSH) for Unsportsmanlike conduct (Major / Game Misconduct) at 3:17
Luke Schenn ejected from game at 3:17 of 3rd period

Finance

Level 1 -- Attendance: 6501 (92,87%) -- Ticket Income $611,094
Level 2 -- Attendance: 4645 (77,42%) -- Ticket Income $250,830
Level 3 -- Attendance: 2807 (70,18%) -- Ticket Income $67,368
Level 4 -- Attendance: 4150 (69,17%) -- Ticket Income $58,100
Luxury Box -- Attendance: 1000 (100,00%) -- Ticket Income $154,000
Game was played at the Gila River Arena.
Total Attendance: 19103 (79,60%)
Total Ticket Income: $1,141,392
Other Income: $285,348
Total Income: $1,426,740

NASHVILLE Predators

5 vs 5 Forward 
   Center                   Left Wing                Right Wing               Time % Phy DF OF 
 1 Aleksander Barkov        Alex DeBrincat           Tanner Jeannot           40     0   2  3  
 2 Dylan Larkin             Johnny Gaudreau          Pavel Zacha              30     0   2  3  
 3 Jean-Gabriel Pageau      Jimmy Vesey              Reilly Smith             20     2   2  1  
 4 Dylan Gambrell           Nicholas Robertson       Jonatan Berggren         10     1   2  2  

5 vs 5 Defense 
   Defense                  Defense                                           Time % Phy DF OF 
 1 Brent Burns              Jaccob Slavin                                     40     0   3  2  
 2 Esa Lindell              Luke Schenn                                       30     1   2  2  
 3 Travis Hamonic           Dmitry Kulikov                                    20     1   3  1  
 4 Esa Lindell              Brent Burns                                       10     1   2  2  

PowerPlay Forward 
   Center                   Left Wing                Right Wing               Time % Phy DF OF 
 1 Aleksander Barkov        Johnny Gaudreau          Alex DeBrincat           60     0   1  4  
 2 Dylan Larkin             Reilly Smith             Pavel Zacha              40     0   1  4  

PowerPlay Defense
   Defense                  Defense                                           Time % Phy DF OF 
 1 Brent Burns              Jaccob Slavin                                     60     1   1  3  
 2 Esa Lindell              Travis Hamonic                                    40     1   1  3  

Penalty Kill 4 Players Forward 
   Center                   Wing                     Time % Phy DF OF 
 1 Jean-Gabriel Pageau      Tanner Jeannot           60     1   3  1  
 2 Pavel Zacha              Jimmy Vesey              40     1   3  1  

Penalty Kill 4 Players Defense
   Defense                  Defense                  Time % Phy DF OF 
 1 Travis Hamonic           Jaccob Slavin            60     1   3  1  
 2 Esa Lindell              Luke Schenn              40     1   3  1  

Penalty Kill - 3 Players Forward 
   Forward                                           Time % Phy DF OF 
 1 Aleksander Barkov                                 60     1   3  1  
 2 Jean-Gabriel Pageau                               40     1   3  1  

Penalty Kill - 3 Players Defense
   Defense                  Defense                  Time % Phy DF OF 
 1 Brent Burns              Jaccob Slavin            60     1   3  1  
 2 Esa Lindell              Luke Schenn              40     1   3  1  

4 vs 4 Forward 
   Center                   Wing                     Time % Phy DF OF 
 1 Aleksander Barkov        Alex DeBrincat           60     1   2  2  
 2 Dylan Larkin             Johnny Gaudreau          40     1   2  2  

4 vs 4 Defense
   Defense                  Defense                  Time % Phy DF OF 
 1 Brent Burns              Jaccob Slavin            60     1   2  2  
 2 Esa Lindell              Luke Schenn              40     1   2  2  

Last Minutes Offensive
   Center                   Left Wing                Right Wing               Defense                  Defense                  
   Aleksander Barkov        Alex DeBrincat           Reilly Smith             Brent Burns              Jaccob Slavin            

Last Minutes Defensive
   Center                   Left Wing                Right Wing               Defense                  Defense                  
   Aleksander Barkov        Alex DeBrincat           Reilly Smith             Brent Burns              Jaccob Slavin            

Goaltenders
Starting : Juuse Saros              
Backup : Charlie Lindgren         

Extra Forwards
Normal : Jean-Gabriel Pageau, Jimmy Vesey, Tanner Jeannot - PP : Jean-Gabriel Pageau, Jimmy Vesey - PK : Tanner Jeannot
Extra Defensemen
Normal : Travis Hamonic, Dmitry Kulikov, Luke Schenn - PP : Travis Hamonic - PK : Dmitry Kulikov, Luke Schenn
Penalty Shots
Alex DeBrincat, Dylan Larkin, Johnny Gaudreau, Aleksander Barkov, Reilly Smith

Scratches
None

ARIZONA Coyotes

5 vs 5 Forward 
   Center                   Left Wing                Right Wing               Time % Phy DF OF 
 1 Auston Matthews          Artemi Panarin           Sam Reinhart             52     1   1  3  
 2 Mark Scheifele           Ryan Nugent-Hopkins      Rickard Rakell           40     1   1  3  
 3 Frederick Gaudreau       Michael Bunting          Ryan Hartman             8      1   2  2  
 4 Brandon Sutter           Nick Bonino              Pierre-Edouard Bellemare 0      1   3  1  

5 vs 5 Defense 
   Defense                  Defense                                           Time % Phy DF OF 
 1 Roman Josi               Vladislav Gavrikov                                50     1   2  2  
 2 Alec Martinez            Jonas Siegenthaler                                30     1   2  2  
 3 Scott Mayfield           Mikey Anderson                                    20     1   2  2  
 4 Roman Josi               Scott Mayfield                                    0      1   2  2  

PowerPlay Forward 
   Center                   Left Wing                Right Wing               Time % Phy DF OF 
 1 Auston Matthews          Mark Scheifele           Artemi Panarin           80     0   1  4  
 2 Sam Reinhart             Rickard Rakell           Ryan Hartman             20     1   1  3  

PowerPlay Defense
   Defense                  Defense                                           Time % Phy DF OF 
 1 Roman Josi               Ryan Nugent-Hopkins                               80     0   2  3  
 2 Scott Mayfield           Michael Bunting                                   20     1   2  2  

Penalty Kill 4 Players Forward 
   Center                   Wing                     Time % Phy DF OF 
 1 Brandon Sutter           Ryan Nugent-Hopkins      70     1   3  1  
 2 Frederick Gaudreau       Pierre-Edouard Bellemare 30     1   4  0  

Penalty Kill 4 Players Defense
   Defense                  Defense                  Time % Phy DF OF 
 1 Vladislav Gavrikov       Alec Martinez            69     1   3  1  
 2 Scott Mayfield           Jonas Siegenthaler       31     2   3  0  

Penalty Kill - 3 Players Forward 
   Forward                                           Time % Phy DF OF 
 1 Brandon Sutter                                    60     1   4  0  
 2 Frederick Gaudreau                                40     1   3  1  

Penalty Kill - 3 Players Defense
   Defense                  Defense                  Time % Phy DF OF 
 1 Scott Mayfield           Alec Martinez            60     2   3  0  
 2 Scott Mayfield           Jonas Siegenthaler       40     2   3  0  

4 vs 4 Forward 
   Center                   Wing                     Time % Phy DF OF 
 1 Auston Matthews          Artemi Panarin           60     1   2  2  
 2 Mark Scheifele           Ryan Nugent-Hopkins      40     1   2  2  

4 vs 4 Defense
   Defense                  Defense                  Time % Phy DF OF 
 1 Roman Josi               Scott Mayfield           60     1   2  2  
 2 Alec Martinez            Jonas Siegenthaler       40     1   2  2  

Last Minutes Offensive
   Center                   Left Wing                Right Wing               Defense                  Defense                  
   Auston Matthews          Artemi Panarin           Sam Reinhart             Roman Josi               Ryan Nugent-Hopkins      

Last Minutes Defensive
   Center                   Left Wing                Right Wing               Defense                  Defense                  
   Brandon Sutter           Frederick Gaudreau       Pierre-Edouard Bellemare Vladislav Gavrikov       Alec Martinez            

Goaltenders
Starting : Andrei Vasilevskiy       
Backup : Kevin Lankinen           

Extra Forwards
Normal : Michael Bunting, Artemi Panarin, Frederick Gaudreau - PP : Michael Bunting, Artemi Panarin - PK : Frederick Gaudreau
Extra Defensemen
Normal : Mikey Anderson, Vladislav Gavrikov, Alec Martinez - PP : Mikey Anderson - PK : Vladislav Gavrikov, Alec Martinez
Penalty Shots
Auston Matthews, Ryan Nugent-Hopkins, Mark Scheifele, Sam Reinhart, Rickard Rakell

Scratches
Morgan Frost (Healthy)

% Time on Ice - NASHVILLE Predators

Lines # - Real PCT - Wanted PCT - Time Play
Normal Forward
1 - 32% - 40% - 12:40
2 - 28% - 30% - 11:12
3 - 18% - 20% - 6:59
4 - 22% - 10% - 8:37
Normal Defense
1 - 33% - 40% - 13:12
2 - 33% - 30% - 13:04
3 - 28% - 20% - 11:13
4 - 5% - 10% - 1:59
PP Forward
1 - 48% - 60% - 1:55
2 - 52% - 40% - 2:03
PP Defense
1 - 61% - 60% - 2:24
2 - 39% - 40% - 1:34
PK Forward
1 - 69% - 60% - 8:54
2 - 31% - 40% - 4:01
PK Defense
1 - 50% - 60% - 6:30
2 - 50% - 40% - 6:25
PK3 Forward
1 - 56% - 60% - 1:07
2 - 44% - 40% - 0:52
PK3 Defense
1 - 29% - 60% - 0:34
2 - 71% - 40% - 1:25
44 Forward
1 - 88% - 60% - 1:28
2 - 12% - 40% - 0:12
44 Defense
1 - 69% - 60% - 1:09
2 - 31% - 40% - 0:31
Last Minute Offensive  - 0:00
Last Minute Defensive  - 0:00
Total
Forward - 60:00
Defense - 60:00

% Time on Ice - ARIZONA Coyotes

Lines # - Real PCT - Wanted PCT - Time Play
Normal Forward
1 - 36% - 52% - 14:11
2 - 27% - 40% - 10:42
3 - 17% - 8% - 6:47
4 - 20% - 0% - 7:48
Normal Defense
1 - 38% - 50% - 14:55
2 - 36% - 30% - 14:19
3 - 24% - 20% - 9:26
4 - 2% - 0% - 0:48
PP Forward
1 - 58% - 80% - 8:41
2 - 42% - 20% - 6:13
PP Defense
1 - 53% - 80% - 7:52
2 - 47% - 20% - 7:02
PK Forward
1 - 100% - 70% - 3:58
2 - 0% - 30% - 0:00
PK Defense
1 - 61% - 69% - 2:24
2 - 39% - 31% - 1:34
PK3 Forward
1 - 0% - 60%
2 - 0% - 40%
PK3 Defense
1 - 0% - 60%
2 - 0% - 40%
44 Forward
1 - 66% - 60% - 1:06
2 - 34% - 40% - 0:34
44 Defense
1 - 46% - 60% - 0:46
2 - 54% - 40% - 0:54
Last Minute Offensive  - 0:00
Last Minute Defensive  - 0:00
Total
Forward - 60:00
Defense - 60:00

Play-by-Play

1st period


0:01 of 1st period - Auston Matthews wins face-off versus Aleksander Barkov in neutral zone.
0:01 of 1st period - Vladislav Gavrikov is hit by Alex DeBrincat and loses puck.
0:30 of 1st period - Tanner Jeannot is hit by Auston Matthews and loses puck.
1:09 of 1st period - Shot by Mark Scheifele.
1:09 of 1st period - Deflect By Ryan Nugent-Hopkins.
1:09 of 1st period - Shot Misses the Net.
1:11 of 1st period - Shot by Alec Martinez.
1:11 of 1st period - Shot Misses the Net.
1:21 of 1st period - Shot by Mark Scheifele.
1:21 of 1st period - Shot Blocked by Esa Lindell.
1:23 of 1st period - Shot by Alec Martinez.
1:23 of 1st period - Stopped by Juuse Saros with a rebound.
2:20 of 1st period - Frederick Gaudreau is hit by Dmitry Kulikov and loses puck.
2:33 of 1st period - Shot by Ryan Hartman.
2:33 of 1st period - Shot Misses the Net.
2:44 of 1st period - Dmitry Kulikov is hit by Vladislav Gavrikov and loses puck.
3:29 of 1st period - Shot by Brent Burns.
3:29 of 1st period - Stopped by Andrei Vasilevskiy without a rebound.
3:30 of 1st period - Aleksander Barkov wins face-off versus Mark Scheifele in ARIZONA Coyotes zone.
3:30 of 1st period - Aleksander Barkov is hit by Alec Martinez.
3:43 of 1st period - Alex DeBrincat is hit by Alec Martinez and loses puck.
5:39 of 1st period - Shot by Jimmy Vesey.
5:39 of 1st period - Deflect By Reilly Smith.
5:39 of 1st period - Shot Misses the Net.
5:41 of 1st period - Shot by Jean-Gabriel Pageau.
5:41 of 1st period - Shot Misses the Net.
5:43 of 1st period - Shot by Reilly Smith.
5:43 of 1st period - Stopped by Andrei Vasilevskiy without a rebound.
5:44 of 1st period - Auston Matthews wins face-off versus Aleksander Barkov in ARIZONA Coyotes zone.
6:11 of 1st period - Shot by Auston Matthews.
6:11 of 1st period - Shot Misses the Net.
6:13 of 1st period - Shot by Sam Reinhart.
6:13 of 1st period - Shot Blocked by Luke Schenn.
6:15 of 1st period - Shot by Vladislav Gavrikov.
6:15 of 1st period - Stopped by Juuse Saros without a rebound.
6:16 of 1st period - Jean-Gabriel Pageau wins face-off versus Mark Scheifele in NASHVILLE Predators zone.
6:45 of 1st period - Shot by Jean-Gabriel Pageau.
6:45 of 1st period - Stopped by Andrei Vasilevskiy without a rebound.
6:46 of 1st period - Aleksander Barkov wins face-off versus Artemi Panarin in ARIZONA Coyotes zone.
6:49 of 1st period - Shot by Aleksander Barkov.
6:49 of 1st period - Stopped by Andrei Vasilevskiy with a rebound.
7:41 of 1st period - Off-side.
7:42 of 1st period - Mark Scheifele wins face-off versus Dylan Larkin in neutral zone.
7:49 of 1st period - Shot by Rickard Rakell.
7:49 of 1st period - Shot Misses the Net.
7:55 of 1st period - Alec Martinez is hit by Pavel Zacha and loses puck.
8:04 of 1st period - Shot by Dylan Larkin.
8:04 of 1st period - Stopped by Andrei Vasilevskiy without a rebound.
8:05 of 1st period - Frederick Gaudreau wins face-off versus Dylan Gambrell in ARIZONA Coyotes zone.
8:15 of 1st period - Michael Bunting is hit by Dmitry Kulikov and loses puck.
8:34 of 1st period - Shot by Scott Mayfield.
8:34 of 1st period - Stopped by Juuse Saros with a rebound.
8:36 of 1st period - Shot by Ryan Hartman.
8:36 of 1st period - Stopped by Juuse Saros without a rebound.
8:37 of 1st period - Dylan Larkin wins face-off versus Auston Matthews in NASHVILLE Predators zone.
8:41 of 1st period - Minor Penalty to Auston Matthews for Cross-checking.
8:42 of 1st period - Brandon Sutter wins face-off versus Aleksander Barkov in ARIZONA Coyotes zone.
9:04 of 1st period - Off-side.
9:05 of 1st period - Dylan Larkin wins face-off versus Brandon Sutter in neutral zone.
9:08 of 1st period - Vladislav Gavrikov is hit by Dylan Larkin and loses puck.
11:10 of 1st period - Shot by Sam Reinhart.
11:10 of 1st period - Shot Misses the Net.
11:31 of 1st period - Icing by Travis Hamonic.
11:32 of 1st period - Dylan Gambrell wins face-off versus Brandon Sutter in NASHVILLE Predators zone.
11:32 of 1st period - Dylan Gambrell is hit by Pierre-Edouard Bellemare.
12:04 of 1st period - Brandon Sutter is hit by Tanner Jeannot.
12:29 of 1st period - Icing by Vladislav Gavrikov.
12:30 of 1st period - Dylan Larkin wins face-off versus Frederick Gaudreau in ARIZONA Coyotes zone.
12:44 of 1st period - Frederick Gaudreau is hit by Esa Lindell and loses puck.
12:47 of 1st period - Shot by Vladislav Gavrikov.
12:47 of 1st period - Stopped by Juuse Saros without a rebound.
12:48 of 1st period - Jean-Gabriel Pageau wins face-off versus Sam Reinhart in NASHVILLE Predators zone.
12:48 of 1st period - Jean-Gabriel Pageau is hit by Artemi Panarin.
13:14 of 1st period - Shot by Artemi Panarin.
13:14 of 1st period - Shot Misses the Net.
13:50 of 1st period - Shot by Mark Scheifele.
13:50 of 1st period - Stopped by Juuse Saros with a rebound.
14:05 of 1st period - Icing by Jaccob Slavin.
14:06 of 1st period - Jean-Gabriel Pageau wins face-off versus Ryan Hartman in NASHVILLE Predators zone.
14:06 of 1st period - Jean-Gabriel Pageau is hit by Michael Bunting.
15:37 of 1st period - Ryan Nugent-Hopkins is hit by Travis Hamonic.
15:46 of 1st period - Off-side.
15:47 of 1st period - Dylan Gambrell wins face-off versus Auston Matthews in neutral zone.
15:56 of 1st period - Shot by Brent Burns.
15:56 of 1st period - Shot Blocked by Scott Mayfield.
16:17 of 1st period - Artemi Panarin is hit by Brent Burns and loses puck.
17:54 of 1st period - Vladislav Gavrikov is hit by Travis Hamonic and loses puck.
18:44 of 1st period - Icing by Brent Burns.
18:45 of 1st period - Jean-Gabriel Pageau wins face-off versus Auston Matthews in NASHVILLE Predators zone.
18:45 of 1st period - Jimmy Vesey is hit by Artemi Panarin and loses puck.
19:05 of 1st period - Shot by Auston Matthews.
19:05 of 1st period - Shot Misses the Net.
19:07 of 1st period - Shot by Mikey Anderson.
19:07 of 1st period - Stopped by Juuse Saros without a rebound.
19:08 of 1st period - Aleksander Barkov wins face-off versus Brandon Sutter in NASHVILLE Predators zone.
19:24 of 1st period - Shot by Pierre-Edouard Bellemare.
19:24 of 1st period - Goal by Pierre-Edouard Bellemare - NASHVILLE Predators : 0 - ARIZONA Coyotes : 1.
19:25 of 1st period - Dylan Gambrell wins face-off versus Auston Matthews in neutral zone.
19:34 of 1st period - Jonatan Berggren is hit by Auston Matthews and loses puck.
Goals for this period are 0 for NASHVILLE Predators vs 1 for ARIZONA Coyotes.
Shots for this period are 5 for NASHVILLE Predators vs 8 for ARIZONA Coyotes.

2nd period


0:01 of 2nd period - Auston Matthews wins face-off versus Aleksander Barkov in neutral zone.
0:08 of 2nd period - Shot by Sam Reinhart.
0:08 of 2nd period - Deflect By Auston Matthews.
0:08 of 2nd period - Shot Blocked by Esa Lindell.
0:15 of 2nd period - Icing by Esa Lindell.
0:16 of 2nd period - Mark Scheifele wins face-off versus Aleksander Barkov in NASHVILLE Predators zone.
0:20 of 2nd period - Mark Scheifele is hit by Esa Lindell and loses puck.
0:40 of 2nd period - Mark Scheifele is hit by Esa Lindell and loses puck.
0:44 of 2nd period - Mark Scheifele is hit by Brent Burns and loses puck.
0:46 of 2nd period - Minor Penalty to Esa Lindell for Slashing.
0:47 of 2nd period - Auston Matthews wins face-off versus Jean-Gabriel Pageau in NASHVILLE Predators zone.
1:00 of 2nd period - Shot by Artemi Panarin.
1:00 of 2nd period - Stopped by Juuse Saros without a rebound.
1:01 of 2nd period - Jean-Gabriel Pageau wins face-off versus Sam Reinhart in NASHVILLE Predators zone.
1:01 of 2nd period - Jean-Gabriel Pageau is hit by Rickard Rakell.
1:21 of 2nd period - Shot by Ryan Hartman.
1:21 of 2nd period - Shot Misses the Net.
1:23 of 2nd period - Shot by Sam Reinhart.
1:23 of 2nd period - Stopped by Juuse Saros without a rebound.
1:24 of 2nd period - Jean-Gabriel Pageau wins face-off versus Mark Scheifele in NASHVILLE Predators zone.
1:32 of 2nd period - Roman Josi is hit by Alex DeBrincat and loses puck.
2:07 of 2nd period - Pavel Zacha is hit by Mark Scheifele and loses puck.
2:44 of 2nd period - Shot by Ryan Hartman.
2:44 of 2nd period - Shot Misses the Net.
3:44 of 2nd period - Alec Martinez is hit by Travis Hamonic and loses puck.
4:06 of 2nd period - Roman Josi is hit by Dmitry Kulikov and loses puck.
4:44 of 2nd period - Off-side.
4:45 of 2nd period - Aleksander Barkov wins face-off versus Mark Scheifele in neutral zone.
4:58 of 2nd period - Shot by Rickard Rakell.
4:58 of 2nd period - Stopped by Juuse Saros without a rebound.
4:59 of 2nd period - Frederick Gaudreau wins face-off versus Dylan Larkin in NASHVILLE Predators zone.
5:04 of 2nd period - Shot by Frederick Gaudreau.
5:04 of 2nd period - Stopped by Juuse Saros with a rebound.
5:06 of 2nd period - Shot by Mikey Anderson.
5:06 of 2nd period - Stopped by Juuse Saros without a rebound.
5:06 of 2nd period - Minor Penalty to Juuse Saros for Slashing.
5:07 of 2nd period - Jean-Gabriel Pageau wins face-off versus Artemi Panarin in NASHVILLE Predators zone.
5:16 of 2nd period - Shot by Roman Josi.
5:16 of 2nd period - Stopped by Juuse Saros with a rebound.
5:20 of 2nd period - Shot by Mark Scheifele.
5:20 of 2nd period - Shot Hit the Post.
5:32 of 2nd period - Shot by Auston Matthews.
5:32 of 2nd period - Shot Misses the Net.
5:34 of 2nd period - Shot by Artemi Panarin.
5:34 of 2nd period - Deflect By Mark Scheifele.
5:34 of 2nd period - Shot Misses the Net.
5:36 of 2nd period - Shot by Artemi Panarin.
5:36 of 2nd period - Shot Misses the Net.
6:08 of 2nd period - Tanner Jeannot is hit by Sam Reinhart and loses puck.
6:37 of 2nd period - Shot by Rickard Rakell.
6:37 of 2nd period - Deflect By Ryan Hartman.
6:37 of 2nd period - Shot Misses the Net.
6:39 of 2nd period - Shot by Scott Mayfield.
6:39 of 2nd period - Stopped by Juuse Saros without a rebound.
6:40 of 2nd period - Sam Reinhart wins face-off versus Pavel Zacha in NASHVILLE Predators zone.
6:47 of 2nd period - Shot by Ryan Nugent-Hopkins.
6:47 of 2nd period - Stopped by Juuse Saros without a rebound.
6:48 of 2nd period - Pavel Zacha wins face-off versus Auston Matthews in NASHVILLE Predators zone.
6:48 of 2nd period - Pavel Zacha is hit by Auston Matthews.
7:17 of 2nd period - Shot by Brandon Sutter.
7:17 of 2nd period - Shot Misses the Net.
7:35 of 2nd period - Shot by Nick Bonino.
7:35 of 2nd period - Stopped by Juuse Saros with a rebound.
7:37 of 2nd period - Shot by Brandon Sutter.
7:37 of 2nd period - Shot Blocked by Brent Burns.
7:43 of 2nd period - Shot by Nick Bonino.
7:43 of 2nd period - Shot Misses the Net.
7:45 of 2nd period - Shot by Nick Bonino.
7:45 of 2nd period - Shot Misses the Net.
7:47 of 2nd period - Shot by Brandon Sutter.
7:47 of 2nd period - Shot Misses the Net.
7:49 of 2nd period - Shot by Pierre-Edouard Bellemare.
7:49 of 2nd period - Shot Misses the Net.
8:16 of 2nd period - Icing by Johnny Gaudreau.
8:17 of 2nd period - Auston Matthews wins face-off versus Dylan Larkin in NASHVILLE Predators zone.
8:20 of 2nd period - Shot by Auston Matthews.
8:20 of 2nd period - Stopped by Juuse Saros without a rebound.
8:21 of 2nd period - Auston Matthews wins face-off versus Aleksander Barkov in NASHVILLE Predators zone.
8:21 of 2nd period - Auston Matthews is hit by Luke Schenn.
8:50 of 2nd period - Icing by Esa Lindell.
8:51 of 2nd period - Mark Scheifele wins face-off versus Aleksander Barkov in NASHVILLE Predators zone.
9:00 of 2nd period - Shot by Aleksander Barkov.
9:00 of 2nd period - Shot Blocked by Scott Mayfield.
9:23 of 2nd period - Off-side.
9:24 of 2nd period - Auston Matthews wins face-off versus Dylan Larkin in neutral zone.
9:27 of 2nd period - Pavel Zacha is hit by Auston Matthews and loses puck.
9:28 of 2nd period - Minor Penalty to Auston Matthews for High sticking.
9:29 of 2nd period - Dylan Larkin wins face-off versus Brandon Sutter in ARIZONA Coyotes zone.
10:06 of 2nd period - Scott Mayfield is hit by Dylan Larkin and loses puck.
12:02 of 2nd period - Minor Penalty to Travis Hamonic for Roughing.
12:03 of 2nd period - Jean-Gabriel Pageau wins face-off versus Auston Matthews in NASHVILLE Predators zone.
13:09 of 2nd period - Roman Josi is hit by Tanner Jeannot.
13:17 of 2nd period - Shot by Ryan Nugent-Hopkins.
13:17 of 2nd period - Stopped by Juuse Saros without a rebound.
13:18 of 2nd period - Auston Matthews wins face-off versus Pavel Zacha in NASHVILLE Predators zone.
13:49 of 2nd period - Icing by Auston Matthews.
13:50 of 2nd period - Auston Matthews wins face-off versus Jean-Gabriel Pageau in ARIZONA Coyotes zone.
14:12 of 2nd period - Icing by Brandon Sutter.
14:13 of 2nd period - Dylan Gambrell wins face-off versus Brandon Sutter in ARIZONA Coyotes zone.
14:41 of 2nd period - Icing by Vladislav Gavrikov.
14:42 of 2nd period - Aleksander Barkov wins face-off versus Brandon Sutter in ARIZONA Coyotes zone.
15:01 of 2nd period - Shot by Pierre-Edouard Bellemare.
15:01 of 2nd period - Shot Misses the Net.
15:06 of 2nd period - Off-side.
15:07 of 2nd period - Dylan Larkin wins face-off versus Mark Scheifele in neutral zone.
15:15 of 2nd period - Brent Burns is hit by Ryan Nugent-Hopkins.
15:23 of 2nd period - Shot by Ryan Nugent-Hopkins.
15:23 of 2nd period - Shot Misses the Net.
15:25 of 2nd period - Shot by Ryan Nugent-Hopkins.
15:25 of 2nd period - Shot Misses the Net.
15:37 of 2nd period - Shot by Mark Scheifele.
15:37 of 2nd period - Stopped by Juuse Saros without a rebound.
15:38 of 2nd period - Aleksander Barkov wins face-off versus Auston Matthews in NASHVILLE Predators zone.
15:40 of 2nd period - Icing by Alex DeBrincat.
15:41 of 2nd period - Auston Matthews wins face-off versus Tanner Jeannot in NASHVILLE Predators zone.
15:41 of 2nd period - Artemi Panarin is hit by Luke Schenn and loses puck.
15:47 of 2nd period - Minor Penalty to Luke Schenn for Tripping.
15:48 of 2nd period - Jean-Gabriel Pageau wins face-off versus Auston Matthews in NASHVILLE Predators zone.
15:58 of 2nd period - Artemi Panarin is hit by Dmitry Kulikov and loses puck.
16:11 of 2nd period - Shot by Roman Josi.
16:11 of 2nd period - Stopped by Juuse Saros without a rebound.
16:12 of 2nd period - Sam Reinhart wins face-off versus Jean-Gabriel Pageau in NASHVILLE Predators zone.
16:51 of 2nd period - Shot by Sam Reinhart.
16:51 of 2nd period - Shot Misses the Net.
17:15 of 2nd period - Shot by Artemi Panarin.
17:15 of 2nd period - Shot Misses the Net.
17:17 of 2nd period - Shot by Auston Matthews.
17:17 of 2nd period - Shot Misses the Net.
17:19 of 2nd period - Shot by Roman Josi.
17:19 of 2nd period - Stopped by Juuse Saros without a rebound.
17:20 of 2nd period - Jean-Gabriel Pageau wins face-off versus Auston Matthews in NASHVILLE Predators zone.
17:53 of 2nd period - Shot by Brandon Sutter.
17:53 of 2nd period - Shot Misses the Net.
18:09 of 2nd period - Shot by Brandon Sutter.
18:09 of 2nd period - Shot Blocked by Jaccob Slavin.
18:11 of 2nd period - Shot by Nick Bonino.
18:11 of 2nd period - Shot Misses the Net.
18:56 of 2nd period - Shot by Johnny Gaudreau.
18:56 of 2nd period - Stopped by Andrei Vasilevskiy without a rebound.
18:57 of 2nd period - Aleksander Barkov wins face-off versus Auston Matthews in ARIZONA Coyotes zone.
19:10 of 2nd period - Shot by Sam Reinhart.
19:10 of 2nd period - Stopped by Juuse Saros without a rebound.
19:11 of 2nd period - Mark Scheifele wins face-off versus Jean-Gabriel Pageau in NASHVILLE Predators zone.
19:14 of 2nd period - Shot by Ryan Nugent-Hopkins.
19:14 of 2nd period - Stopped by Juuse Saros with a rebound.
19:16 of 2nd period - Shot by Ryan Nugent-Hopkins.
19:16 of 2nd period - Stopped by Juuse Saros without a rebound.
19:17 of 2nd period - Aleksander Barkov wins face-off versus Auston Matthews in NASHVILLE Predators zone.
19:31 of 2nd period - Aleksander Barkov is hit by Roman Josi and loses puck.
19:43 of 2nd period - Icing by Roman Josi.
19:44 of 2nd period - Auston Matthews wins face-off versus Pavel Zacha in ARIZONA Coyotes zone.
Goals for this period are 0 for NASHVILLE Predators vs 0 for ARIZONA Coyotes.
Shots for this period are 1 for NASHVILLE Predators vs 17 for ARIZONA Coyotes.

3rd period


0:01 of 3rd period - Auston Matthews wins face-off versus Aleksander Barkov in neutral zone.
0:03 of 3rd period - Sam Reinhart is hit by Brent Burns and loses puck.
0:07 of 3rd period - Minor Penalty to Brent Burns for High sticking.
0:08 of 3rd period - Jean-Gabriel Pageau wins face-off versus Mark Scheifele in NASHVILLE Predators zone.
0:14 of 3rd period - Icing by Ryan Nugent-Hopkins.
0:15 of 3rd period - Jean-Gabriel Pageau wins face-off versus Auston Matthews in ARIZONA Coyotes zone.
0:24 of 3rd period - Luke Schenn is hit by Artemi Panarin and loses puck.
0:29 of 3rd period - Shot by Ryan Nugent-Hopkins.
0:29 of 3rd period - Deflect By Artemi Panarin.
0:29 of 3rd period - Stopped by Juuse Saros without a rebound.
0:30 of 3rd period - Jean-Gabriel Pageau wins face-off versus Mark Scheifele in NASHVILLE Predators zone.
0:30 of 3rd period - Jean-Gabriel Pageau is hit by Mark Scheifele.
1:23 of 3rd period - Icing by Ryan Hartman.
1:24 of 3rd period - Rickard Rakell wins face-off versus Jean-Gabriel Pageau in ARIZONA Coyotes zone.
2:08 of 3rd period - Icing by Ryan Hartman.
2:09 of 3rd period - Brandon Sutter wins face-off versus Dylan Gambrell in ARIZONA Coyotes zone.
3:12 of 3rd period - Roman Josi is hit by Esa Lindell.
3:17 of 3rd period - Major / Game Misconduct Penalty to Luke Schenn for Unsportsmanlike conduct.
3:17 of 3rd period - Luke Schenn is ejected from game.
3:18 of 3rd period - Jean-Gabriel Pageau wins face-off versus Auston Matthews in NASHVILLE Predators zone.
4:08 of 3rd period - Shot by Ryan Hartman.
4:08 of 3rd period - Shot Misses the Net.
4:38 of 3rd period - Shot by Sam Reinhart.
4:38 of 3rd period - Goal by Sam Reinhart - NASHVILLE Predators : 0 - ARIZONA Coyotes : 2.
4:39 of 3rd period - Pavel Zacha wins face-off versus Auston Matthews in neutral zone.
4:58 of 3rd period - Icing by Roman Josi.
4:59 of 3rd period - Jean-Gabriel Pageau wins face-off versus Auston Matthews in ARIZONA Coyotes zone.
5:00 of 3rd period - Shot by Travis Hamonic.
5:00 of 3rd period - Stopped by Andrei Vasilevskiy without a rebound.
5:01 of 3rd period - Jean-Gabriel Pageau wins face-off versus Sam Reinhart in ARIZONA Coyotes zone.
5:15 of 3rd period - Minor Penalty to Dmitry Kulikov for Delaying the game.
5:16 of 3rd period - Aleksander Barkov wins face-off versus Auston Matthews in NASHVILLE Predators zone.
5:44 of 3rd period - Icing by Auston Matthews.
5:45 of 3rd period - Aleksander Barkov wins face-off versus Auston Matthews in ARIZONA Coyotes zone.
6:28 of 3rd period - Shot by Sam Reinhart.
6:28 of 3rd period - Shot Misses the Net.
6:34 of 3rd period - Shot by Sam Reinhart.
6:34 of 3rd period - Shot Blocked by Jaccob Slavin.
6:36 of 3rd period - Shot by Scott Mayfield.
6:36 of 3rd period - Shot Misses the Net.
6:38 of 3rd period - Shot by Scott Mayfield.
6:38 of 3rd period - Shot Blocked by Esa Lindell.
7:18 of 3rd period - Shot by Roman Josi.
7:18 of 3rd period - Stopped by Juuse Saros without a rebound.
7:19 of 3rd period - Jean-Gabriel Pageau wins face-off versus Auston Matthews in NASHVILLE Predators zone.
7:19 of 3rd period - Jean-Gabriel Pageau is hit by Auston Matthews.
7:29 of 3rd period - Shot by Ryan Nugent-Hopkins.
7:29 of 3rd period - Shot Misses the Net.
7:31 of 3rd period - Shot by Ryan Nugent-Hopkins.
7:31 of 3rd period - Stopped by Juuse Saros without a rebound.
7:32 of 3rd period - Jean-Gabriel Pageau wins face-off versus Sam Reinhart in NASHVILLE Predators zone.
7:57 of 3rd period - Shot by Ryan Hartman.
7:57 of 3rd period - Deflect By Rickard Rakell.
7:57 of 3rd period - Stopped by Juuse Saros without a rebound.
7:58 of 3rd period - Auston Matthews wins face-off versus Pavel Zacha in NASHVILLE Predators zone.
8:08 of 3rd period - Icing by Ryan Nugent-Hopkins.
8:09 of 3rd period - Auston Matthews wins face-off versus Jean-Gabriel Pageau in ARIZONA Coyotes zone.
8:14 of 3rd period - Shot by Ryan Nugent-Hopkins.
8:14 of 3rd period - Shot Misses the Net.
8:16 of 3rd period - Shot by Roman Josi.
8:16 of 3rd period - Shot Blocked by Esa Lindell.
8:57 of 3rd period - Shot by Brandon Sutter.
8:57 of 3rd period - Stopped by Juuse Saros without a rebound.
8:58 of 3rd period - Aleksander Barkov wins face-off versus Auston Matthews in NASHVILLE Predators zone.
8:58 of 3rd period - Aleksander Barkov is hit by Auston Matthews.
9:03 of 3rd period - Jaccob Slavin is hit by Vladislav Gavrikov and loses puck.
9:12 of 3rd period - Shot by Sam Reinhart.
9:12 of 3rd period - Shot Misses the Net.
9:16 of 3rd period - Shot by Roman Josi.
9:16 of 3rd period - Shot Blocked by Tanner Jeannot.
9:29 of 3rd period - Artemi Panarin is hit by Jaccob Slavin and loses puck.
9:32 of 3rd period - Shot by Auston Matthews.
9:32 of 3rd period - Stopped by Juuse Saros with a rebound.
9:34 of 3rd period - Shot by Vladislav Gavrikov.
9:34 of 3rd period - Goal by Vladislav Gavrikov - NASHVILLE Predators : 0 - ARIZONA Coyotes : 3.
9:35 of 3rd period - Jean-Gabriel Pageau wins face-off versus Mark Scheifele in neutral zone.
9:52 of 3rd period - Off-side.
9:53 of 3rd period - Frederick Gaudreau wins face-off versus Dylan Larkin in neutral zone.
10:26 of 3rd period - Shot by Jonas Siegenthaler.
10:26 of 3rd period - Shot Misses the Net.
11:08 of 3rd period - Shot by Tanner Jeannot.
11:08 of 3rd period - Stopped by Andrei Vasilevskiy without a rebound.
11:09 of 3rd period - Jean-Gabriel Pageau wins face-off versus Mark Scheifele in ARIZONA Coyotes zone.
11:16 of 3rd period - Shot by Jean-Gabriel Pageau.
11:16 of 3rd period - Stopped by Andrei Vasilevskiy with a rebound.
11:39 of 3rd period - Mikey Anderson is hit by Esa Lindell and loses puck.
12:18 of 3rd period - Shot by Pavel Zacha.
12:18 of 3rd period - Shot Blocked by Vladislav Gavrikov.
12:22 of 3rd period - Shot by Johnny Gaudreau.
12:22 of 3rd period - Stopped by Andrei Vasilevskiy with a rebound.
12:24 of 3rd period - Shot by Brent Burns.
12:24 of 3rd period - Shot Misses the Net.
13:25 of 3rd period - Shot by Tanner Jeannot.
13:25 of 3rd period - Deflect By Aleksander Barkov.
13:25 of 3rd period - Shot Misses the Net.
13:32 of 3rd period - Icing by Vladislav Gavrikov.
13:33 of 3rd period - Jean-Gabriel Pageau wins face-off versus Auston Matthews in ARIZONA Coyotes zone.
14:02 of 3rd period - Shot by Reilly Smith.
14:02 of 3rd period - Shot Hit the Post.
14:04 of 3rd period - Shot by Esa Lindell.
14:04 of 3rd period - Stopped by Andrei Vasilevskiy without a rebound.
14:05 of 3rd period - Dylan Larkin wins face-off versus Mark Scheifele in ARIZONA Coyotes zone.
14:05 of 3rd period - Johnny Gaudreau is hit by Jonas Siegenthaler and loses puck.
14:50 of 3rd period - Icing by Jaccob Slavin.
14:51 of 3rd period - Frederick Gaudreau wins face-off versus Dylan Larkin in NASHVILLE Predators zone.
14:54 of 3rd period - Shot by Ryan Hartman.
14:54 of 3rd period - Stopped by Juuse Saros with a rebound.
15:26 of 3rd period - Shot by Michael Bunting.
15:26 of 3rd period - Deflect By Frederick Gaudreau.
15:26 of 3rd period - Shot Misses the Net.
15:47 of 3rd period - Icing by Dmitry Kulikov.
15:48 of 3rd period - Mark Scheifele wins face-off versus Aleksander Barkov in NASHVILLE Predators zone.
16:09 of 3rd period - Shot by Rickard Rakell.
16:09 of 3rd period - Shot Misses the Net.
16:11 of 3rd period - Shot by Jonas Siegenthaler.
16:11 of 3rd period - Shot Misses the Net.
16:35 of 3rd period - Shot by Jean-Gabriel Pageau.
16:35 of 3rd period - Stopped by Andrei Vasilevskiy with a rebound.
16:37 of 3rd period - Shot by Esa Lindell.
16:37 of 3rd period - Shot Blocked by Jonas Siegenthaler.
16:39 of 3rd period - Shot by Esa Lindell.
16:39 of 3rd period - Deflect By Reilly Smith.
16:39 of 3rd period - Goal by Reilly Smith - NASHVILLE Predators : 1 - ARIZONA Coyotes : 3.
16:40 of 3rd period - Auston Matthews wins face-off versus Dylan Larkin in neutral zone.
16:46 of 3rd period - Sam Reinhart is hit by Brent Burns and loses puck.
17:17 of 3rd period - Shot by Sam Reinhart.
17:17 of 3rd period - Shot Misses the Net.
17:19 of 3rd period - Shot by Roman Josi.
17:19 of 3rd period - Stopped by Juuse Saros without a rebound.
17:20 of 3rd period - Frederick Gaudreau wins face-off versus Jean-Gabriel Pageau in NASHVILLE Predators zone.
18:05 of 3rd period - Frederick Gaudreau is hit by Jaccob Slavin and loses puck.
18:15 of 3rd period - Reilly Smith is hit by Ryan Nugent-Hopkins and loses puck.
18:19 of 3rd period - Minor Penalty to Ryan Nugent-Hopkins for Interference.
18:19 of 3rd period - Minor Penalty to Jaccob Slavin for Delaying the game.
18:20 of 3rd period - Auston Matthews wins face-off versus Aleksander Barkov in NASHVILLE Predators zone.
18:35 of 3rd period - Shot by Auston Matthews.
18:35 of 3rd period - Shot Misses the Net.
19:20 of 3rd period - Off-side.
19:21 of 3rd period - Dylan Larkin wins face-off versus Auston Matthews in neutral zone.
19:32 of 3rd period - Shot by Dylan Larkin.
19:32 of 3rd period - Stopped by Andrei Vasilevskiy without a rebound.
19:33 of 3rd period - Alex DeBrincat wins face-off versus Mark Scheifele in ARIZONA Coyotes zone.
Goals for this period are 1 for NASHVILLE Predators vs 2 for ARIZONA Coyotes.
Shots for this period are 8 for NASHVILLE Predators vs 10 for ARIZONA Coyotes. Output by the SimonT Hockey Simulator (STHS) for Martin Benoit - Original Page W3C HTML5 Valid
Hockey Simulator - Hockey Simulation - Hockey Manager